 Dungeon Crawl Stone Soup version 0.21-a0-531-gacddea6 (webtiles) character file.

79 AverageBear the Cutter (level 4, 0/40 HPs)
             Began as a Deep Elf Fighter on Dec 13, 2017.
             Slain by a worm (6 damage)
             ... on level 2 of the Dungeon.
             The game lasted 00:01:25 (1349 turns).

AverageBear the Cutter (Deep Elf Fighter)           Turns: 1349, Time: 00:01:26

Health: 0/40       AC: 22    Str: 14    XL:     4   Next: 17%
Magic:  6/6        EV:  2    Int: 13    God:
Gold:   91         SH:  8    Dex: 14    Spells: 3/3 levels left

rFire    . . .     SeeInvis .   a - +0 rapier
rCold    . . .     Gourm    .   c - +0 shield
rNeg     + + +     Faith    .   (armour currently unavailable)
rPois    +         Spirit   .   (helmet currently unavailable)
rElec    .         Reflect  .   (cloak currently unavailable)
rCorr    .         Harm     .   (gloves currently unavailable)
MR       .....     NoTele   +   (boots currently unavailable)
Stlth    +.........             (no amulet)
HPRegen  0.13/turn              (no ring)
MPRegen  0.10/turn              (no ring)

@: tree-form
A: no striking features
a: no special abilities


You were on level 2 of the Dungeon.
You were hungry.
You were a tree.
You visited 1 branch of the dungeon, and saw 2 of its levels.

You collected 91 gold pieces.

Inventory:

Hand Weapons
 a - a +0 rapier (weapon)
Armour
 b - a +1 scale mail (melded)
 c - a +0 shield (worn)
Jewellery
 i - an uncursed amulet of the gourmand {unknown}
 n - a +4 ring of evasion {unknown}
Scrolls
 e - a scroll of teleportation {unknown}
 j - a scroll of enchant armour
 k - a scroll of magic mapping
Comestibles
 f - 2 bread rations
 g - a royal jelly
 h - a meat ration


   Skills:
 - Level 2.4 Fighting
 + Level 4.5 Short Blades
 - Level 2.4 Armour
 - Level 2.4 Shields


You had 3 spell levels left.
You didn't know any spells.

Dungeon Overview and Level Annotations

Branches:
Dungeon (2/15)

Altars:

Annotations:
D:2 1 runed door


Message History

Items here: ))) †† a club; a dagger x2; a goblin corpse x2
You hit the worm.
The worm is lightly wounded.
You are feeling hungry.
The worm barely misses you.
You hit the worm.
The worm is moderately wounded.
You hit the worm.
The worm is severely wounded.
The worm bites you but does no damage.
You hit the worm.
The worm is severely wounded.
You hit the worm but do no damage.
The worm is severely wounded.
The worm barely misses you.
It was a potion of lignification.
You turn into a tree.
Your +1 scale mail melds into your body.
Your roots penetrate the ground.
The worm bites you.
You die...

....# #.##.........,,*,*,,*
#.###########...[......#*,,*,,,,*
.......................###+♣,*,,*
..........###...............,,,,*
..........# ##......gg.w..%.,,,,,
..........# #.....g.ggg....,,,*,
##.####.### ###)#####.g....,,,*,
#.# *,# #w# *,.g...,,,** #.# *,*
#♣# *,,g...,,,** #.# *,* #.#
*,,,...,,,** #.# *,*
#.#****,,,,..,,,** *#+#* *,*
#..,,,,,,,,,.,**** *,,,* *,*
####******,,,,,,,, *,,,***,*
*,,,****, *,,,,,,,** *,,,* *,
*,,,,,,,,* *,,,****, *,,,,,,,,*
*,,,,,,,,


You could see a worm.

Vanquished Creatures
  Robin (D:2)
  3 adders (D:2)
  A dart slug (D:2)
  A bat (D:2)
  A giant cockroach (D:2)
  14 goblins
  8 hobgoblins
  2 frilled lizards (D:1)
  3 kobolds (D:1)
  4 rats
38 creatures vanquished.

Notes
Turn   | Place    | Note
-------+----------+-------------------------------------------
     0 | D:1      | AverageBear the Deep Elf Fighter began the quest for the Orb.
     0 | D:1      | Reached XP level 1. HP: 13/13 MP: 3/3
   281 | D:1      | Reached XP level 2. HP: 11/18 MP: 4/4
   786 | D:2      | Reached skill level 3 in Short Blades
   891 | D:2      | Reached XP level 3. HP: 12/22 MP: 5/5
  1251 | D:2      | Found a runed door.
  1290 | D:2      | Reached skill level 4 in Short Blades
  1297 | D:2      | Noticed Robin
  1328 | D:2      | Killed Robin
  1328 | D:2      | Reached XP level 4. HP: 11/27 MP: 6/6
  1349 | D:2      | Slain by a worm

Vault maps used:
D:1:      minmay_arrival_solitary_statue, serial_corexii_hall,
          corexii_hall_statues_l, corexii_hall_statues_s
D:2:      serial_forest, infiniplex_forest_end_3, infiniplex_forest_lined_ring,
          infiniplex_forest_clump_curved, infiniplex_forest_clump_tiny,
          infiniplex_forest_lined_2, infiniplex_forest_lined_3_way,
          infiniplex_forest_zigzag_1, uniq_crazy_yiuf_cottage, uniq_robin

Skill      XL: |  1  2  3 |
---------------+----------+-----
Short Blades   | 3 4 |  4.5
Fighting       | |  2.4
Armour         | |  2.4
Shields        | |  2.4

Action                   |  1- 3 |  4- 6 || total
-------------------------+-------+-------++-------
Melee: Rapier            |   111 |    17 ||   128
  Use: Potion            |     3 |     1 ||     4
       Scroll            |     3 |       ||     3
  Eat: Chunk             |     1 |       ||     1
Armor: Scale mail        |    59 |     4 ||    63
Dodge: Dodged            |    21 |     5 ||    26
Block: Shield            |    43 |     3 ||    46

Table legend:
 A = Spawn XP
 B = Non-spawn XP
 C = Spawn XP percentage of total XP
 D = Spawn monster count
 E = Non-spawn monster count
 F = Spawn count percentage of total count
 G = Total turns spent on level
                    A         B        C        D         E        F      G
               +---------+---------+-------+---------+---------+-------+---------
         Total |       0 |     114 |   0.0 |       0 |      38 |   0.0 |  1349
               +---------+---------+-------+---------+---------+-------+---------
           D:1 |       0 |      17 |   0.0 |       0 |      12 |   0.0 |   781
           D:2 |       0 |      97 |   0.0 |       0 |      26 |   0.0 |   568
               +---------+---------+-------+---------+---------+-------+---------
